 Dungeon Crawl Stone Soup version 0.30-a0-457-g4b7bca3bfa (webtiles) character file.

Game seed: 4598217092996008558

72 CrazyBamboolord the Gusty (level 4, -5/24 HPs)
             Began as a Tengu Air Elementalist on Dec 13, 2022.
             Was an Initiate of Vehumet.
             Slain by a gnoll
             ... wielding a +0 flail
              (9 damage)
             ... on level 3 of the Dungeon.
             The game lasted 00:05:04 (2721 turns).

CrazyBamboolord the Gusty (Tengu Air Elementalist)  Turns: 2721, Time: 00:05:04

Health: -5/24      AC:  3    Str:  8 (9)  XL:     4   Next: 26%
Magic:  1/8        EV: 12    Int: 15 (17) God:    Vehumet [......]
Gold:   130        SH:  0    Dex: 13 (14) Spells: 2/8 levels left

rFire   . . .      SeeInvis .    (no weapon)
rCold   . . .      Faith    .    (no shield)
rNeg    . . .      Spirit   .    a - +0 robe
rPois   .          Reflect  .    (helmet restricted)
rElec   .          Harm     .    (no cloak)
rCorr   .          Rampage  .    (no gloves)
Will    .....                    (boots unavailable)
Stlth   ++........               (no amulet)
HPRegen 0.24/turn                (no ring)
MPRegen 0.11/turn                (no ring)

@: no status effects
A: beak, talons 3, shaggy fur 1, MP-powered wands
a: Renounce Religion


You were on level 3 of the Dungeon.
You worshipped Vehumet.
Vehumet was noncommittal.
You visited 1 branch of the dungeon, and saw 3 of its levels.

You collected 130 gold pieces.

Inventory:

Armour
 a - a +0 robe (worn)
 j - the +2 shield of Resistance {rF++ rC++ Will++}
   (You found it on level 2 of the Dungeon)

   rF:        It greatly protects you from fire.
   rC:        It greatly protects you from cold.
   Will:      It greatly increases your willpower.
Scrolls
 c - a scroll of teleportation {unknown}
 d - 2 scrolls of identify {unknown}
 f - a scroll of fog
 g - a scroll of noise {unknown}
 h - 2 scrolls of immolation {unknown}
Potions
 b - a potion of magic
 e - 2 potions of mutation


   Skills:
 * Level 2.6 Dodging
 * Level 2.2 Stealth
 * Level 0.3 Shields
 * Level 2.5 Spellcasting
 * Level 2.1 Conjurations
 * Level 5.2 Air Magic


You had 2 spell levels left.
You knew the following spells:

 Your Spells              Type           Power      Damage    Failure   Level
a - Shock                 Conj/Air       52%        1d6       4%          1
b - Static Discharge      Conj/Air       26%        2-4/arc   7%          2
c - Swiftness             Air            17%        N/A       7%          3

Your spell library contained the following spells:

 Spells                   Type           Power      Damage    Failure   Level
 Poisonous Vapours        Pois/Air       18%        N/A       11%         2
 Sting                    Tmut/Pois      4%         1d3       22%         1
 Vhi's Electric Charge    Tloc/Air       18%        N/A       22%         3
 Airstrike                Air            8%         2d(2-18)  24%         4
 Arcjolt                  Conj/Air       6%         1d16      77%         5
 Lightning Bolt           Conj/Air       6%         1d18      77%         5
 Olgreb's Toxic Radiance  Pois           1%         N/A       91%         4


Dungeon Overview and Level Annotations

Branches:
Dungeon (3/15)

Altars:
Vehumet


Innate Abilities, Weirdness & Mutations

You have a beak for a mouth.
You have claws for feet.
You are covered in fur. (AC +1)
You expend magic power (3 MP) to strengthen your wands.


Message History

Aiming: Shock (safe; 4% risk of failure)
Press: ? - help, Q - select action, (/) - cycle Shift-Dir - straight line, f/p - gnoll
Aim: a gnoll, wielding a +0 flail (moderately wounded, 75% to hit)
The zap hits the gnoll.
The gnoll is severely wounded.
A gnoll comes into view. It is wielding a +0 whip.
Aiming: Shock (safe; 4% risk of failure)
Press: ? - help, Q - select action, (/) - cycle Shift-Dir - straight line, f/p - gnoll
Aim: a gnoll, wielding a +0 flail (severely wounded, 75% to hit)
The zap hits the gnoll but does no damage.
The gnoll is severely wounded.
Aiming: Shock (safe; 4% risk of failure)
Press: ? - help, Q - select action, (/) - cycle Shift-Dir - straight line, f/p - gnoll
Aim: a gnoll, wielding a +0 flail (severely wounded, 75% to hit)
The zap hits the gnoll but does no damage.
The gnoll is severely wounded.
Aiming: Shock (safe; 4% risk of failure)
Press: ? - help, Q - select action, (/) - cycle Shift-Dir - straight line, f - gnoll, p - gnoll
Aim: a gnoll, wielding a +0 whip (75% to hit)
The zap hits the gnoll.
The gnoll is almost dead.
The zap misses the gnoll.
The gnoll hits you with a +0 flail!
Aiming: Shock (safe; 4% risk of failure)
Press: ? - help, Q - select action, (/) - cycle Shift-Dir - straight line, f/p - gnoll
Aim: a gnoll, wielding a +0 whip (75% to hit)
The zap misses the gnoll.
The zap hits the gnoll.
The gnoll is lightly wounded.
The gnoll hits you with a +0 flail!
* * * LOW HITPOINT WARNING * * *
It was a potion of mutation.
You feel extremely strange. Fur sprouts all over your body.
You feel your magical essence link to the dungeon's wands.
The gnoll hits you with a +0 flail.
* * * LOW HITPOINT WARNING * * *
It was a potion of degeneration.
There was something very wrong with that liquid.
You feel weakened.
You feel dopey.
You feel clumsy. The gnoll hits you with a +0 flail!
You die...

.. #.... #. #... #.
#... .. #. #.. . #.
#.. . #. #g# .## #.
#g# #.# #.
#@########.# #.
#.........†# #.
###........######.
............†......
####........#.....#
#........#.....#
########.#.....#
#.#.....# #.#.....#


You could see 2 gnolls.

Vanquished Creatures
  An adder (D:3)
  3 dart slugs
  7 endoplasms
  A giant cockroach (D:2)
  5 goblins
  8 hobgoblins
  4 quokkas
  3 ball pythons
  5 bats
  4 frilled lizards
  5 kobolds
  6 rats
52 creatures vanquished.

Notes
Turn   | Place    | Note
-------+----------+-------------------------------------------
     0 | D:1      | CrazyBamboolord the Tengu Air Elementalist began the quest
                  | for the Orb.
     0 | D:1      | Reached XP level 1. HP: 10/10 MP: 4/4
   261 | D:1      | Found a faded altar of an unknown god.
   269 | D:1      | Reached XP level 2. HP: 15/15 MP: 0/6
   768 | D:1      | Learned a level 2 spell: Static Discharge
   814 | D:1      | Reached XP level 3. HP: 19/19 MP: 5/7
  1442 | D:1      | Learned a level 3 spell: Swiftness
  1545 | D:2      | Reached skill level 5 in Air Magic
  1898 | D:2      | Found a radiant altar of Vehumet.
  1907 | D:2      | Found the +2 shield of Resistance {rF++ rC++ Will++}
  1922 | D:2      | Became a worshipper of Vehumet
  2410 | D:3      | Reached XP level 4. HP: 14/24 MP: 0/8
  2720 | D:3      | Gained mutation: You are covered in fur. (AC +1) [potion of
                  | mutation]
  2720 | D:3      | Gained mutation: You expend magic power (3 MP) to
                  | strengthen your wands. [potion of mutation]
  2721 | D:3      | Slain by a gnoll

Illustrated notes

Levels and vault maps discovered:
D:1:      sevenhm_arrival_forest_fort_small_6, layout_basic, serial_curves,
          eino_curves_03, eino_curves_02, chequers_ecumenical_altar_island
D:2:      layout_loops_cross, basic_altar
D:3:      layout_basic

Skill      XL: |  1  2  3 |
---------------+----------+-----
Air Magic      | 5 |  5.2
Conjurations   | 2 |  2.1
Dodging        | |  2.6
Stealth        | |  2.2
Shields        | |  0.3
Spellcasting   | |  2.5

Action                   |  1- 3 |  4- 6 || total
-------------------------+-------+-------++-------
Melee: Unarmed           |     7 |       ||     7
       Kick              |     1 |       ||     1
       Peck              |     1 |       ||     1
 Cast: Shock             |    99 |    24 ||   123
  Use: Scroll            |     1 |       ||     1
       Potion            |       |     2 ||     2
Armor: Robe              |     1 |     2 ||     3
Dodge: Dodged            |     7 |     2 ||     9

Table legend: (Time is in decaauts)
 A = Elapsed time spent in this place.
 B = Non-inter-level travel time spent in this place.
 C = Inter-level travel time spent in this place.
 D = Time resting spent in this place.
 E = Time spent auto-exploring this place.
 F = Levels seen in this place.
 G = Mean time per level.
                   A        B        C        D        E       F      G
               +--------+--------+--------+--------+--------+-----+--------+
         Total |   2722 |   2673 |     49 |      0 |   2429 |   3 |  907.3 |
       Dungeon |   2722 |   2673 |     49 |      0 |   2429 |   3 |  907.3 |
               +--------+--------+--------+--------+--------+-----+--------+

Top non-repeatable levels by time:
     D:1: 1478 daAuts
     D:2: 718 daAuts
     D:3: 525 daAuts
